 Dungeon Sprint DCSS version 0.30-a0-172-gc5509c9e31 (webtiles) character file.

Game seed: 2943476358329147048

6 hellse the Gusty (level 1, -3/15 HPs)
             Began as a Tengu Air Elementalist on Oct 1, 2022.
             Slain by a hound (5 damage)
             ... in the Dungeon (Sprint IX: "|||||||||||||||||||||||||||||").
             The game lasted 00:00:17 (59 turns).

hellse the Gusty (Tengu Air Elementalist)             Turns: 59, Time: 00:00:18

Health: -3/15      AC:  2    Str:  8    XL:     1   Next: 90%
Magic:  0/5        EV: 12    Int: 15    God:
Gold:   0          SH:  0    Dex: 14    Spells: 5/6 levels left

rFire   . . .      SeeInvis .    (no weapon)
rCold   . . .      Faith    .    (no shield)
rNeg    . . .      Spirit   .    a - +0 robe
rPois   .          Reflect  .    (helmet restricted)
rElec   .          Harm     .    (no cloak)
rCorr   .          Rampage  .    (no gloves)
Will    .....      NoTele   +    (boots unavailable)
Stlth   ..........               (no amulet)
HPRegen 0.22/turn                (no ring)
MPRegen 0.09/turn                (no ring)

@: berserking, very slightly contaminated, very quick
A: beak, talons 3
a: no special abilities


You were in the Dungeon.
You visited 1 branch

Inventory:

Armour
 a - a +0 robe (worn)
Scrolls
 g - a scroll of blinking
Potions
 b - 3 potions of magic
 c - a potion of curing
 d - a potion of heal wounds
 e - a potion of haste


   Skills:
 - Level 2.1 Dodging
 - Level 2.0 Stealth
 + Level 3.0 Spellcasting
 + Level 3.5 Conjurations
 - Level 4.0 Air Magic


You had 5 spell levels left.
You knew the following spells:

 Your Spells              Type           Power      Damage    Failure   Level
a - Shock                 Conj/Air       52%        1d6       4%          1

Your spell library contained the following spells:

 Spells                   Type           Power      Damage    Failure   Level
 Static Discharge         Conj/Air       26%        2-4/arc   6%          2
 Swiftness                Air            14%        N/A       12%         3
 Airstrike                Air            7%         2d(1-17)  36%         4


Dungeon Overview and Level Annotations

Branches:
Dungeon (1/1)

Altars:


Innate Abilities, Weirdness & Mutations

You have a beak for a mouth.
You have claws for feet.


Message History

The zap hits the orc.
The orc is heavily wounded.
The zap hits the worm.
The worm is moderately wounded.
The hound bites you. The hound completely misses you.
Unknown command.
Unknown command.
Casting: Shock (safe; 4% risk of failure)
Confirm with . or Enter, or press ? or * to list all spells.
Aiming: Shock (safe; 4% risk of failure)
Press: ? - help, Shift-Dir - straight line, f/p - necrophage
Aim: a necrophage (68% to hit)
The zap misses the hound.
The zap hits the ufetubus.
The ufetubus is heavily wounded.
The zap hits the necrophage.
The necrophage is lightly damaged.
The zap hits the orc.
You kill the orc!
The zap hits the worm.
The worm is heavily wounded.
The hound barely misses you.
Your Spellcasting skill increases to level 3!
Casting: Shock (safe; 4% risk of failure)
Confirm with . or Enter, or press ? or * to list all spells.
Aiming: Shock (safe; 4% risk of failure)
Press: ? - help, Shift-Dir - straight line, f/p - necrophage
Aim: a necrophage (lightly damaged, 68% to hit)
The zap misses the hound.
The zap hits the ufetubus.
The ufetubus is severely wounded.
The zap hits the necrophage.
The necrophage is lightly damaged.
The zap hits the worm.
The worm is heavily wounded.
The hound closely misses you. The hound bites you.
* * * LOW HITPOINT WARNING * * *
Unknown command.
Okay, then.
A red film seems to cover your vision as you go berserk!
You feel yourself moving faster!
You feel mighty! The hound bites you.
You die...

▓+▓
▓.▓
▓.▓
▓w▓
▓n▓
▓5▓
▓h▓
▓@▓
▓.▓
▓†▓
▓†▓
▓.▓
▓)▓
▓.▓
▓.▓
▓.▓


You could see a necrophage, a worm, a hound and an ufetubus.

Vanquished Creatures
  An orc (D)
  A goblin (D)
  A ball python (D)
  A bat (D)
  A frilled lizard (D)
  A rat (D)
6 creatures vanquished.

Notes
Turn   | Place    | Note
-------+----------+-------------------------------------------
     0 | D        | hellse the Tengu Air Elementalist began the quest for the
                  | Orb.
     0 | D        | Reached XP level 1. HP: 10/10 MP: 4/4
    53 | D        | Noticed a necrophage
    53 | D        | Noticed a hound
    59 | D        | Slain by a hound

Illustrated notes

Levels and vault maps discovered:
D:        linesprint [early_d, line_temple, items_1, d_10, items_2, lair_1,
          lair_end, items_3, orc_1, orc_end, items_4, d_15, swamp_1, shoals_1,
          snake_1, spider_1, d_20, vaults_1, items_5, swamp_end, shoals_end,
          snake_end, spider_end, vaults_end, d_27, items_6, zot_1, zot_end,
          crypt_end, forest_end, elf_end, slime_end, tomb_end, abyss_end,
          pan_hell_end]

Skill      XL: |  1 |
---------------+----+-----
Conjurations   | 3 |  3.5
Spellcasting   | 3 |  3.0
Dodging        | |  2.1
Stealth        | |  2.0
Air Magic      | |  4.0

Action                   || total
-------------------------++-------
 Cast: Shock             ||     7
  Use: Potion            ||     1
Armor: Robe              ||     2
Dodge: Dodged            ||     4

Table legend: (Time is in decaauts)
 A = Elapsed time spent in this place.
 B = Non-inter-level travel time spent in this place.
 C = Inter-level travel time spent in this place.
 D = Time resting spent in this place.
 E = Time spent auto-exploring this place.
 F = Levels seen in this place.
 G = Mean time per level.
                   A        B        C        D        E       F      G
               +--------+--------+--------+--------+--------+-----+--------+
         Total |     59 |     59 |      0 |     40 |      0 |   1 |   59.0 |
       Dungeon |     59 |     59 |      0 |     40 |      0 |   1 |   59.0 |
               +--------+--------+--------+--------+--------+-----+--------+

Top non-repeatable levels by time:
       D: 59 daAuts
